 Dungeon Crawl Stone Soup version 0.29-a0-668-g12ee2bf84d (webtiles) character file.

Game seed: 9891891631930856074

21 bande the Shield-Bearer (level 2, -3/19 HPs)
             Began as a Gargoyle Fighter on June 23, 2022.
             Slain by a worm (9 damage)
             ... on level 2 of the Dungeon.
             The game lasted 00:02:04 (1198 turns).

bande the Shield-Bearer (Gargoyle Fighter)          Turns: 1198, Time: 00:02:05

Health: -3/19      AC: 10    Str: 19    XL:     2   Next: 87%
Magic:  2/2        EV:  9    Int:  8    God:
Gold:   14         SH:  4    Dex:  9    Spells: 1/1 levels left

rFire   . . .      SeeInvis .   a - +0 war axe
rCold   . . .      Faith    +   c - +0 buckler
rNeg    + . .      Spirit   .   b - +0 scale mail
rPois   ∞          Reflect  .   (no helmet)
rElec   +          Harm     .   (no cloak)
rCorr   .          Rampage  .   (no gloves)
Will    .....                   g - +0 pair of boots
Stlth   ..........              j - amulet of faith
HPRegen 0.06/turn               (no ring)
MPRegen 0.08/turn               (no ring)

@: no status effects
A: sickness immunity, AC +2, negative energy resistance 1, electricity
resistance, torment resistance 1, petrification resistance
a: no special abilities


You were on level 2 of the Dungeon.
You visited 1 branch of the dungeon, and saw 2 of its levels.

You collected 14 gold pieces.

Inventory:

Hand Weapons
 a - a +0 war axe (weapon)
Armour
 b - a +0 scale mail (worn)
 c - a +0 buckler (worn)
 g - a +0 pair of boots (worn)
Jewellery
 j - an amulet of faith (around neck)
Scrolls
 i - 3 scrolls of identify
Potions
 d - a potion of might
 e - a potion of heal wounds
 f - 2 potions of brilliance
 h - a potion of curing


   Skills:
 + Level 3.5 Fighting
 + Level 2.3 Axes
 + Level 3.5 Armour
 + Level 3.5 Shields


You had one spell level left.
You didn't know any spells.
Your spell library was empty.

Dungeon Overview and Level Annotations

Branches:
Dungeon (2/15)

Altars:


Innate Abilities, Weirdness & Mutations

You are immune to sickness and miasma.
Your stone body is resilient. (AC +2)
You are immune to poison.
You resist negative energy. (rN+)
You are resistant to electric shocks. (rElec)
You are resistant to unholy torment.
You are immune to petrification.


Message History

You closely miss the rat. The rat barely misses you.
You slash the rat!
You kill the rat!
You hit the worm.
The worm is moderately wounded.
You closely miss the goblin. The goblin hits you but does no damage.
The goblin barely misses you. The worm closely misses you.
You barely miss the worm.
The worm is moderately wounded.
You barely miss the goblin. The goblin hits you but does no damage.
You hit the worm.
The worm is moderately wounded.
You closely miss the goblin. The goblin barely misses you.
The worm barely misses you. You block the goblin's attack.
You hit the worm.
The worm is heavily wounded.
You barely miss the goblin. The worm bites you! The goblin barely misses you.
You barely miss the worm.
The worm is heavily wounded.
You closely miss the goblin. The goblin hits you with a +0 club.
The worm bites you but does no damage. The goblin hits you with a +0 club.
You are too injured to fight recklessly!
You are too injured to fight recklessly!
You are too injured to fight recklessly!
You are too injured to fight recklessly!
You are too injured to fight recklessly!
You are too injured to fight recklessly!
You are too injured to fight recklessly!
You are too injured to fight recklessly!
You are too injured to fight recklessly!
You are too injured to fight recklessly!
You hit the worm.
The worm is heavily wounded.
You barely miss the goblin. The worm bites you. You block the goblin's attack.
You barely miss the worm.
The worm is moderately wounded.
You slash the goblin!
You kill the goblin!
The worm bites you!
You die...

##. ..
...########.#
#..........#
#..........###
#............#
#..........#
#..........#
#.....@)...#
#.....w....#
#..........#
#.............
#.####......##
# #......#
#......#
#......#


You could see a worm.

Vanquished Creatures
  2 ball pythons (D:1)
  4 endoplasms (D:1)
  3 giant cockroaches (D:1)
  3 goblins
  2 kobolds (D:1)
  A quokka (D:1)
  A bat (D:1)
  A frilled lizard (D:1)
  2 rats
19 creatures vanquished.

Vanquished Creatures (others)
  5 toadstools (D:1)
5 creatures vanquished.

Grand Total: 24 creatures vanquished

Notes
Turn   | Place    | Note
-------+----------+-------------------------------------------
     0 | D:1      | bande the Gargoyle Fighter began the quest for the Orb.
     0 | D:1      | Reached XP level 1. HP: 14/14 MP: 1/1
   409 | D:1      | Reached XP level 2. HP: 15/19 MP: 2/2
  1064 | D:1      | Found a faded altar of an unknown god.
  1198 | D:2      | Slain by a worm

Illustrated notes

Levels and vault maps discovered:
D:1:      ldierk_walled_garden, layout_basic, shapermc_ecumenical_altar_petra
D:2:      layout_basic, uniq_robin

Skill      XL: |  1 |
---------------+----+-----
Axes           | 2 |  2.3
Fighting       | |  3.5
Armour         | |  3.5
Shields        | |  3.5

Action                   || total
-------------------------++-------
Melee: War axe           ||    46
  Use: Scroll            ||     5
Armor: Scale mail        ||    27
Dodge: Dodged            ||    23
Block: Buckler           ||    12

Table legend: (Time is in decaauts)
 A = Elapsed time spent in this place.
 B = Non-inter-level travel time spent in this place.
 C = Inter-level travel time spent in this place.
 D = Time resting spent in this place.
 E = Time spent auto-exploring this place.
 F = Levels seen in this place.
 G = Mean time per level.
                   A        B        C        D        E       F      G
               +--------+--------+--------+--------+--------+-----+--------+
         Total |   1218 |   1118 |    100 |      0 |    955 |   2 |  609.0 |
       Dungeon |   1218 |   1118 |    100 |      0 |    955 |   2 |  609.0 |
               +--------+--------+--------+--------+--------+-----+--------+

Top non-repeatable levels by time:
     D:1: 1202 daAuts
     D:2: 16 daAuts
